 Dungeon Crawl Stone Soup version 0.25.1-2-g60ff931df9 (webtiles) character file.

Game seed: 17639672581907554331

169 Artemis the Insei (level 5, -5/40 HPs)
             Began as a Draconian Transmuter on Sept 8, 2020.
             Killed from afar by a white imp (8 damage)
             ... with a puff of frost
             ... summoned by Natasha
             ... on level 3 of the Dungeon.
             The game lasted 00:13:54 (4265 turns).

Artemis the Insei (Draconian Transmuter)            Turns: 4265, Time: 00:13:55

Health: -5/40      AC:  5    Str: 12    XL:     5   Next: 25%
Magic:  9/9        EV: 12    Int: 14    God:
Gold:   92         SH:  0    Dex: 12    Spells: 3/9 levels left

rFire    . . .     SeeInvis .     - Unarmed
rCold    . . .     Gourm    .   (no shield)
rNeg     . . .     Faith    .   (armour unavailable)
rPois    .         Spirit   .   (helmet restricted)
rElec    .         Reflect  .   (no cloak)
rCorr    .         Harm     .   (no gloves)
MR       +....                  (no boots)
Stlth    +.........             (no amulet)
HPRegen  0.13/turn              g - ring of protection from magic
MPRegen  0.11/turn              (no ring)

@: very slightly contaminated, slowed, heavily drained, very slow
A: unfitting armour, cold-blooded, AC +5
a: no special abilities


You were on level 3 of the Dungeon.
You were not hungry.

You visited 1 branch of the dungeon, and saw 3 of its levels.

You collected 92 gold pieces.

Inventory:

Hand Weapons
 b - a +0 hunting sling
 e - a +0 club
 f - a +0 whip of draining
Missiles
 a - 86 arrows
Jewellery
 g - a ring of protection from magic (left hand)
Scrolls
 d - a scroll of remove curse
 i - 3 scrolls of teleportation
Potions
 h - a potion of invisibility {unknown}
 k - a potion of degeneration {unknown}
 m - 2 potions of curing {unknown}
Comestibles
 c - 5 rations
 j - 5 chunks of flesh


   Skills:
 - Level 1.1(0.0) Fighting
 + Level 2.6(1.1) Dodging
 + Level 4.3(2.7) Unarmed Combat
 + Level 2.9(1.4) Spellcasting
 + Level 3.0(1.5) Transmutations


You had 3 spell levels left.
You knew the following spells:

 Your Spells              Type           Power        Failure   Level  Hunger
a - Beastly Appendage     Tmut           #.....       14%         1    ##.....
b - Sticks to Snakes      Tmut           #.......     21%         2    ###....
c - Spider Form           Tmut/Pois      #.........   50%         3    ####...

Your spell library contained the following spells:

 Spells                   Type           Power        Failure   Level  Hunger
 Ice Form                 Ice/Tmut       #.......     88%         4    #####..
 Blade Hands              Tmut           #.........   98%         5    ######.


Dungeon Overview and Level Annotations

Branches:
Dungeon (3/15)

Altars:
Hepliaklqana
Okawaru

Annotations:
D:3 Natasha


Innate Abilities, Weirdness & Mutations

Your plain brown scales are hard. (AC +5)
You cannot fit into any form of body armour.
You are cold-blooded and may be slowed by cold attacks.


Message History

The crimson imp hits you but does no damage.
You hit Natasha.
Natasha is severely wounded.
Natasha stares at you and mumbles some strange words.
The magic dart hits you.
* * * LOW HITPOINT WARNING * * *
The white imp hits you.
* * * LOW HITPOINT WARNING * * *
The white imp freezes you.
You feel yourself slow down.
* * * LOW HITPOINT WARNING * * *
The crimson imp hits you.
* * * LOW HITPOINT WARNING * * *
You barely miss Natasha.
Natasha is severely wounded.
Natasha claws you.
* * * LOW HITPOINT WARNING * * *
The white imp closely misses you. The white imp gestures at you.
The puff of frost hits you!
You die...

*,*,* #.# #..# #.# #.# *,*,* #.#
#..# #.# #.#
,,*,*#########.###..# #.# #.#
,,...............#..#####.# #.#
,,........#.##.#.#........#####.#
,,..........w..............).....
,,............<#..#.#############
,,,............5h.#.#
,,#.#.#.#.#####.@5..#
,,........######.5#.#
,>........Khg.o.....#
*,......#.###.#..#..#
*,..#.#*#.###.#..#..# ***,#,*
#.......##..# ***,*,*
#...........# ,,,,,,*
#.########.## ******* #.# #.#


You could see a worm, Natasha, a crimson imp (summoned) and 2 white imps.

Vanquished Creatures
  An orc priest (D:3)
  An orc wizard (D:3)
  Terence (D:2)
  2 adders
  A worm (D:2)
  A dart slug (D:1)
  A leopard gecko (D:3)
  6 orcs
  4 giant cockroaches
  2 goblins (D:2)
  6 hobgoblins
  8 jackals
  4 kobolds
  6 bats
  4 frilled lizards
  8 rats
56 creatures vanquished.

Notes
Turn   | Place    | Note
-------+----------+-------------------------------------------
     0 | D:1      | Artemis the Draconian Transmuter began the quest for the
                  | Orb.
     0 | D:1      | Reached XP level 1. HP: 16/16 MP: 3/3
   423 | D:1      | Reached XP level 2. HP: 20/23 MP: 3/5
  1469 | D:2      | Reached XP level 3. HP: 24/28 MP: 4/6
  1542 | D:2      | Found an iron altar of Okawaru.
  1763 | D:2      | Noticed Terence
  1828 | D:2      | Learned a level 2 spell: Sticks to Snakes
  1850 | D:2      | HP: 1/28 [Terence/+0 flail (6)]
  1857 | D:2      | Killed Terence
  1857 | D:2      | Reached XP level 4. HP: 2/35 MP: 7/7
  2156 | D:2      | Learned a level 3 spell: Spider Form
  2189 | D:2      | Found a hazy altar of Hepliaklqana.
  2927 | D:3      | Noticed a hippogriff
  3280 | D:3      | HP: 1/35 [hobgoblin/+0 club (1)]
  3283 | D:3      | Reached skill level 4 in Unarmed Combat
  3727 | D:3      | Reached XP level 5. HP: 11/40 MP: 7/9
  4095 | D:3      | Noticed Natasha
  4265 | D:3      | Killed from afar by a white imp

Illustrated notes

Levels and vault maps discovered:
D:1:      lordsloth_arrival_two_stooges, layout_basic, minivault_24
D:2:      layout_basic, nicolae_overflow_hidden_temple, first_ration,
          okawaru_metal_pillars_3, uniq_terence
D:3:      layout_basic, uniq_jessica, uniq_natasha

Skill      XL: |  1  2  3  4 |
---------------+-------------+-----
Dodging        | 2 |  2.6
Unarmed Combat | 4 |  4.3
Transmutations | 3 |  3.0
Fighting       | |  1.1
Spellcasting   | |  2.9

Action                   |  1- 3 |  4- 6 || total
-------------------------+-------+-------++-------
Melee: Unarmed           |   113 |   114 ||   227
       Tailslap          |    22 |    14 ||    36
       Kick              |     9 |    13 ||    22
       Headbutt          |     8 |     9 ||    17
       Punch             |     1 |       ||     1
 Cast: Beastly Appendage |    17 |    11 ||    28
       Sticks to Snakes  |     1 |       ||     1
  Use: Potion            |     1 |     1 ||     2
       Scroll            |       |     6 ||     6
  Eat: Chunk             |     3 |     5 ||     8
       Ration            |       |     1 ||     1
Armor: Skin              |    24 |    49 ||    73
Dodge: Dodged            |    81 |   104 ||   185
